 Dungeon Crawl Stone Soup version 0.26.1-2-gb8aa6d0cf2 (webtiles) character file.

Game seed: 1956082025839035002

360047 DearestLeader the Peltast (level 22, -24/191 HPs)
             Began as a Gnoll Fighter on Mar 12, 2021.
             Was the Champion of Cheibriados.
             Killed from afar by a titan (41 damage)
             ... with a bolt of lightning
             ... on level 2 of the Depths on Mar 13, 2021.
             The game lasted 02:04:47 (45224 turns).

DearestLeader the Peltast (Gnoll Fighter)          Turns: 45224, Time: 02:04:47

Health: -24/191    AC: 22    Str: 43    XL:     22   Next: 42%
Magic:  16/40      EV: 28    Int: 38    God:    Cheibriados [******]
Gold:   2382       SH: 20    Dex: 32    Spells: 9/49 levels left

rFire    + + +     SeeInvis .   h - +12 hand crossbow of Valiance {flame, rF+ Str+5 Int+2 Stlth-}
rCold    . . .     Faith    .   c - +2 kite shield
rNeg     + . .     Spirit   .   R - +2 scale mail {rN+}
rPois    +         Reflect  .   K - +0 helmet of Makhleb {rF+ Int+4}
rElec    .         Harm     .   Y - +2 cloak {Will+}
rCorr    .         Rampage  .   S - +1 pair of gloves {Dex+3}
Will     +++..                  p - +0 pair of boots
Stlth    ++++......             Z - amulet of Vitality {Regen+ HP+15}
HPRegen  0.81/turn              r - ring of poison resistance
MPRegen  0.27/turn              o - ring of willpower

@: very slow
A: distributed training, fangs 1, fire resistance 1, strong nose
}: 2/15 runes: barnacled, gossamer
a: Renounce Religion, Bend Time, Temporal Distortion, Slouch, Step From Time


You were on level 2 of the Depths.
You worshipped Cheibriados.
Cheibriados was exalted by your worship.
You visited 8 branches of the dungeon, and saw 38 of its levels.
You also visited: Bailey.

You collected 4023 gold pieces.
You spent 1641 gold pieces at shops.

Inventory:

Hand Weapons
 h - the +12 hand crossbow of Valiance (weapon) {flame, rF+ Str+5 Int+2 Stlth-}
   (You found it on level 2 of the Spider Nest)

   It causes projectiles fired from it to burn those they strike, causing extra
   injury to most foes and up to half again as much damage against particularly
   susceptible opponents.
   It affects your strength (+5).
   It affects your intelligence (+2).
   It protects you from fire.
   It makes you less stealthy.
 u - the +6 flail "Orb Guardian's Curse" {vorpal, rPois rN+ Str+2}
   (You found it on level 4 of the Dungeon)

   It inflicts extra damage upon your enemies.
   It affects your strength (+2).
   It protects you from poison.
   It protects you from negative energy.
 J - the +8 glaive of Peril {elec, +Inv rElec Will+}
   (You found it in a bailey)

   Occasionally, upon striking a foe, it can discharge electrical energy and
   cause terrible harm.
   It insulates you from electricity.
   It affects your willpower, your defense against some magical effects.
   It lets you turn invisible.
 Q - a +1 demon trident of venom
Missiles
 j - 946 bolts (quivered ammo)
Armour
 c - a +2 kite shield (worn)
 p - a +0 pair of boots (worn)
 z - a +2 hat of willpower
 K - the +0 helmet of Makhleb (worn) {rF+ Int+4}
   (You bought it in a shop on level 9 of the Dungeon)

   It affects your intelligence (+4).
   It protects you from fire.
 R - a +2 scale mail of positive energy (worn)
 S - a +1 pair of gloves of dexterity (worn)
 Y - a +2 cloak of willpower (worn)
Jewellery
 o - a ring of willpower (right hand)
 r - a ring of poison resistance (left hand)
 H - an uncursed ring of magical power
 I - an uncursed ring of see invisible
 L - the ring "Cihyek" {+Fly rN+ Str+3}
   (You took it off an orc on level 10 of the Dungeon)

   [ring of positive energy]

   It affects your strength (+3).
   It protects you from negative energy.
   It lets you fly.
 T - an uncursed ring of protection from cold
 U - an uncursed ring of resist corrosion
 Z - the amulet of Vitality (around neck) {Regen+ HP+15}
   (You found it on level 14 of the Dungeon)

   [amulet of regeneration]

   It affects your health (+15).
   It increases your rate of regeneration.
Wands
 e - a wand of disintegration (8)
 g - a wand of flame (96)
 B - a wand of paralysis (35)
 D - a wand of iceblast (30)
 F - a wand of digging (8)
 G - a wand of polymorph (16)
 N - a wand of acid (19)
 O - a wand of enslavement (27)
Scrolls
 b - 6 scrolls of fog
 f - 3 scrolls of enchant armour
 l - 15 scrolls of teleportation
 n - 3 scrolls of enchant weapon
 t - 25 scrolls of remove curse
 v - a scroll of holy word
 y - 5 scrolls of blinking
 A - 3 scrolls of amnesia
 C - a scroll of fear
 M - 7 scrolls of magic mapping
 W - a scroll of summoning
Potions
 a - 13 potions of ambrosia
 d - 6 potions of might
 i - 21 potions of curing
 k - 9 potions of flight
 m - 4 potions of cancellation
 q - 6 potions of brilliance
 s - 7 potions of heal wounds
 x - 2 potions of invisibility
 E - a potion of mutation
Miscellaneous
 w - a condenser vane


   Skills:
 + Level 15.4 Fighting
 + Level 14.3 Short Blades
 + Level 14.3 Long Blades
 + Level 14.9 Axes
 + Level 14.3 Maces & Flails
 + Level 14.3 Polearms
 + Level 14.3 Staves
 + Level 14.3 Slings
 + Level 14.3 Bows
 + Level 14.3 Crossbows
 + Level 14.3 Throwing
 + Level 15.4 Armour
 + Level 14.3 Dodging
 + Level 14.3 Stealth
 + Level 15.4 Shields
 + Level 14.3 Unarmed Combat
 + Level 14.3 Spellcasting
 + Level 12.3 Conjurations
 + Level 12.3 Hexes
 + Level 12.3 Summonings
 + Level 12.3 Necromancy
 + Level 12.3 Translocations
 + Level 12.3 Transmutations
 + Level 12.3 Fire Magic
 + Level 12.3 Ice Magic
 + Level 12.3 Air Magic
 + Level 12.3 Earth Magic
 + Level 12.3 Poison Magic
 + Level 15.4 Invocations
 + Level 14.3 Evocations


You had 9 spell levels left.
You knew the following spells:

 Your Spells              Type           Power        Failure   Level
a - Frozen Ramparts       Ice            100%         1%          3
b - Summon Lightning Spi  Summ/Air       88%          1%          4
c - Summon Ice Beast      Ice/Summ       88%          1%          4
d - Spellforged Servitor  Conj/Summ      44%          10%         7
e - Stone Arrow           Conj/Erth      100%         1%          3
f - Statue Form           Tmut/Erth      58%          1%          6
g - Blink                 Tloc           N/A          1%          2
h - Iron Shot             Conj/Erth      44%          1%          6
i - Fireball              Conj/Fire      44%          1%          5

Your spell library contained the following spells:

 Spells                   Type           Power        Failure   Level
 Animate Skeleton         Necr           100%         0%          1
 Apportation              Tloc           100%         0%          1
 Corona                   Hex            97%          0%          1
 Foxfire                  Conj/Fire      100%         0%          1
 Freeze                   Ice            100%         0%          1
 Magic Dart               Conj           100%         0%          1
 Pain                     Necr           100%         0%          1
 Sandblast                Erth           100%         0%          1
 Shock                    Conj/Air       100%         0%          1
 Sting                    Tmut/Pois      100%         0%          1
 Summon Small Mammal      Summ           100%         0%          1
 Call Imp                 Summ           88%          1%          2
 Corpse Rot               Necr/Air       N/A          1%          2
 Passwall                 Tmut/Erth      73%          1%          2
 Poisonous Vapours        Pois/Air       100%         1%          2
 Searing Ray              Conj           100%         1%          2
 Slow                     Hex            88%          1%          2
 Swiftness                Air            88%          1%          2
 Call Canine Familiar     Summ           88%          1%          3
 Conjure Flame            Conj/Fire      88%          1%          3
 Dazzling Flash           Conj/Hex       100%         1%          3
 Ignite Poison            Fire/Tmut/Pois 88%          1%          3
 Inner Flame              Hex/Fire       88%          1%          3
 Lesser Beckoning         Tloc           44%          1%          3
 Mephitic Cloud           Conj/Pois/Air  88%          1%          3
 Ozocubu's Armour         Ice            88%          1%          3
 Portal Projectile        Hex/Tloc       100%         1%          3
 Static Discharge         Conj/Air       88%          1%          3
 Summon Guardian Golem    Hex/Summ       88%          1%          3
 Tukima's Dance           Hex            88%          1%          3
 Vampiric Draining        Necr           44%          1%          3
 Airstrike                Air            44%          1%          4
 Animate Dead             Necr           44%          1%          4
 Cause Fear               Hex            44%          1%          4
 Fulminant Prism          Conj/Hex       44%          1%          4
 Hailstorm                Conj/Ice       88%          1%          4
 Iskenderun's Mystic Bla  Conj/Tloc      88%          1%          4
 Leda's Liquefaction      Hex/Erth       44%          1%          4
 Olgreb's Toxic Radiance  Pois           88%          1%          4
 Petrify                  Tmut/Erth      88%          1%          4
 Sticky Flame             Conj/Fire      88%          1%          4
 Agony                    Necr           88%          1%          5
 Alistair's Intoxication  Tmut/Pois      58%          1%          5
 Bolt of Magma            Conj/Fire/Erth 44%          1%          5
 Iskenderun's Battlesphe  Conj           88%          1%          5
 Lee's Rapid Deconstruct  Erth           44%          1%          5
 Lightning Bolt           Conj/Air       44%          1%          5
 Metabolic Englaciation   Hex/Ice        44%          1%          5
 Summon Forest            Summ/Tloc      44%          1%          5
 Eringya's Noxious Bog    Tmut/Pois      44%          1%          6
 Hydra Form               Tmut           44%          1%          6
 Invisibility             Hex            88%          1%          6
 Malign Gateway           Summ/Tloc      44%          10%         7
 Orb of Destruction       Conj           44%          10%         7
 Summon Hydra             Summ           44%          10%         7
 Shatter                  Erth           44%          100%        9


Dungeon Overview and Level Annotations

Branches:
Dungeon (15/15)            Temple (1/1) D:6            Lair (6/6) D:11
 Shoals (4/4) Lair:4       Spider (4/4) Lair:3        Slime (0/5) Lair:6
    Orc (2/2) D:10            Elf (0/3) Orc:2        Vaults (4/5) D:14
  Crypt (0/3) Vaults:2     Depths (2/5) D:15         Bailey (visited)

Altars:
Ashenzari
Cheibriados
Dithmenos
Elyvilon
Fedhas
Gozag
Hepliaklqana
Kikubaaqudgha
Makhleb
Nemelex Xobeh
Okawaru
Qazlal
Ru
Sif Muna
Trog
Uskayaw
Vehumet
Wu Jian
Xom
Yredelemnul
Zin
The Shining One
Lugonu

Shops:
D:4 :   D:9 ((*?[   D:12 [   Orc:2 [!:*   Shoals:1 (   Vaults:3 =   Vaults:4 (

Portals:
Hell: Depths:1
Abyss: Spider:2
Pandemonium: Orc:2 Depths:1


Innate Abilities, Weirdness & Mutations

Your experience applies equally to all skills.
You have very sharp teeth.
Your uncanny sense of smell can sniff out nearby items.
Your flesh is heat resistant. (rF+)


Message History

A battlesphere comes into view.
The stone giant throws a large rock.
The large rock completely misses you.
The vampire knight blinks!
The rakshasa misses you. Something hits you but does no damage.
Casting: Blink (safe; 1% risk of failure)
Confirm with . or Enter, or press ? or * to list all spells.
You blink.
A titan comes into view.
The titan shouts!
The spriggan air mage shouts!
A deep troll shaman comes into view.
The deep troll shaman shouts!
A fire dragon, a two-headed ogre and a frost giant come into view.
The frost giant is wielding a +1 battleaxe of freezing.
The fire dragon breathes flames at you. The blast of flame misses you.
The titan points at you and mumbles some strange words.
The bolt of lightning hits you!!!
* * * LOW HITPOINT WARNING * * *
The bolt of lightning hits you!!!
You die...

#...# #.......#∆∆∆∆∆
∆∆∆ #...+ ∆
#..######∆∆∆∆∆ ∆
#...# #.## ∆∆∆ #ccc##
#.# #){)*#
#§.R.Q..C..
#OC.###(###.
#######O..##...(.##
...8§.HC.##..O..@.#
#####O..##.........#
∆∆∆∆##.##...........#
### .^..........#
...........Di#
..C....C...T.'.
.....8.....D.#.
.............#


You could see a titan, a frost giant, 2 fire dragons, a tengu reaver, a
two-headed ogre, a spriggan air mage (repels missiles), a deep troll shaman, 3
yaktaurs and a battlesphere.

Vanquished Creatures
  Frederick (Vaults:4)
  A bone dragon (Vaults:2)
  A lich (Vaults:2)
  Jorgrun (Shoals:1)
  Rupert (Lair:3)
  A titan (Shoals:2)
  Frances (D:14)
  Polyphemus (Shoals:2)
  2 tengu reavers
  2 frost giants
  2 draconian knights (Vaults:4)
  4 ghost moths
  11 vault wardens
  2 orc warlords
  8 emperor scorpions
  2 stone giants
  6 ironheart preservers
  5 entropy weavers
  3 spark wasps (Depths:1)
  3 ettins
  A dire elephant (Lair:6)
  6 yaktaur captains
  3 fire dragons
  6 merfolk javelineers
  7 merfolk impalers
  2 mummy priests (D:14)
  A deep elf high priest (Depths:1)
  3 great orbs of eyes
  7 vault guards
  3 boulder beetles
  Erolcha (D:11)
  3 ice dragons
  Harold (D:11)
  3 rakshasas
  7 hydras
  4 alligator snapping turtles
  A catoblepas (Shoals:2)
  9 centaur warriors
  2 death knights
  4 satyrs
  7 merfolk avatars
  9 tengu warriors
  12 ogre magi
  2 deep troll earth magi
  2 merfolk aquamancers
  A queen ant (Lair:3)
  38 two-headed ogres
  4 deep troll shamans
  An alligator (Shoals:3)
  6 orc high priests
  2 death yaks (Shoals:2)
  4 deep elf knights
  2 skeletal warriors (D:15)
  A sixfirhy (Orc:2)
  22 deep trolls
  12 sea snakes
  3 glowing orange brains
  An infernal demonspawn (Orc:2)
  A phantasmal warrior (Vaults:4)
  3 deep elf archers
  13 harpies
  A flayed ghost (Depths:1)
  10 ironbrand convokers
  A necromancer (Vaults:1)
  17 orc knights
  4 wizards
  An orb spider (Spider:4)
  2 wolf spider zombies
  16 deep elf magi
  7 orc sorcerers
  19 ugly things
  A will-o-the-wisp (D:14)
  A sphinx skeleton (Vaults:1)
  2 oklob plants
  29 wolf spiders
  9 manticores
  10 cyclopes
  8 merfolk sirens
  7 fauns
  A stone giant skeleton (Vaults:1)
  2 centaur zombies
  13 elephants
  A moth of wrath (Spider:2)
  A moth of wrath (shapeshifter) (Vaults:1)
  3 black mambas
  A water nymph (Shoals:3)
  A naga mage (Vaults:2)
  A smoke demon (Orc:2)
  A fire giant skeleton (Vaults:1)
  13 vault sentinels
  Psyche (D:8)
  10 cane toads
  2 gargoyles
  Maurice (D:8)
  3 torpor snails
  3 freezing wraiths (Vaults:1)
  36 yaktaurs
  2 rime drakes
  6 kobold demonologists
  A hellwing (Orc:2)
  13 demonic crawlers
  11 komodo dragons
  3 guardian mummies (D:14)
  A queen bee (Lair:4)
  3 meliai (Lair:4)
  A red devil (Depths:1)
  3 tengu conjurers
  A merfolk (shapeshifter) (Vaults:1)
  6 trolls
  23 jumping spiders
  8 hornets
  8 polar bears
  A wind drake (shapeshifter) (Vaults:4)
  Grinder (D:5)
  6 wind drakes
  10 blink frogs
  24 merfolk
  A hornet (shapeshifter) (Vaults:1)
  18 slime creatures
  9 dream sheep
  11 snapping turtles
  2 water elementals (Shoals:1)
  27 tarantellas
  A tarantella (shapeshifter) (Vaults:2)
  A centaur simulacrum (D:13)
  51 redbacks
  8 wraiths
  6 wyverns
  2 shadows
  2 basilisks
  30 yaks
  19 humans (D:14)
  Menkaure (D:14)
  A chaos spawn (Depths:1)
  9 wargs
  2 human simulacra
  21 vampire mosquitoes
  19 water moccasins
  20 soldier ants
  A water moccasin (shapeshifter) (Vaults:2)
  A floating eye (shapeshifter) (Vaults:1)
  53 orc warriors
  4 phantoms
  5 ice beasts
  3 sky beasts
  2 black bears
  36 ogres
  An eye of draining (D:12)
  17 wolves
  17 centaurs
  23 big kobolds
  13 bullfrogs
  An orc simulacrum (Vaults:1)
  16 killer bees
  24 wights
  12 howler monkeys
  2 electric eels
  2 bullfrog zombies
  2 jellies
  A bullfrog skeleton (D:11)
  7 hounds
  2 gnoll shamans
  30 orc priests
  5 centaur skeletons
  18 orc wizards
  2 iguanas
  29 worker ants
  A bullfrog simulacrum (D:13)
  A hound skeleton (D:7)
  A hound zombie (D:11)
  2 mummies (D:14)
  A worker ant zombie (D:8)
  22 gnolls
  9 adders
  A shadow imp (D:7)
  5 white imps
  4 ufetubi (D:13)
  2 oozes
  2 worms
  2 dart slugs
  3 leopard geckos
  112 orcs
  2 ball pythons
  5 giant cockroaches
  19 goblins
  23 hobgoblins
  10 jackals
  35 kobolds
  3 quokkas
  A ball python zombie (D:5)
  10 bats
  6 frilled lizards
  A leopard gecko zombie (D:7)
  2 quokka zombies
  8 rats (D:1)
  A lurking horror (Spider:2)
1533 creatures vanquished.

Vanquished Creatures (collateral kills)
  Nikola (Shoals:1)
  Roxanne (Shoals:1)
  An orc warlord (Orc:2)
  A spriggan defender (Vaults:4)
  An ironheart preserver (Vaults:4)
  An entropy weaver (Spider:4)
  A merfolk javelineer (Shoals:1)
  A fire dragon (Vaults:1)
  2 merfolk impalers
  A green death (Depths:1)
  An ice dragon (D:15)
  A yaktaur captain (Vaults:1)
  Fannar (D:11)
  A vault guard (D:14)
  3 hydras
  3 boulder beetles
  A merfolk avatar (Shoals:3)
  An alligator snapping turtle (Shoals:4)
  2 death yaks (Shoals:2)
  A merfolk aquamancer (Shoals:1)
  An ogre mage (Vaults:4)
  3 two-headed ogres
  3 orc high priests
  2 skeletal warriors (D:15)
  2 deep trolls (Vaults:4)
  A flayed ghost (Vaults:1)
  A deep elf archer (Vaults:4)
  A gelid demonspawn (Orc:2)
  An ironbrand convoker (Vaults:1)
  A deep elf mage (Vaults:1)
  3 harpies
  An oklob plant (Lair:5)
  2 orc sorcerers
  4 fauns
  3 wolf spiders
  6 ugly things (D:15)
  A manticore (Shoals:4)
  10 orb spiders
  A moth of wrath (Spider:4)
  A cyclops (Shoals:3)
  2 merfolk sirens (Shoals:4)
  2 elephants
  An elephant (shapeshifter) (Vaults:3)
  A rust devil (Depths:1)
  2 torpor snails
  A water nymph (Shoals:1)
  2 cane toads
  A centaur skeleton (D:13)
  2 rime drakes (Lair:6)
  8 yaktaurs
  A merfolk (Shoals:2)
  6 jumping spiders
  A polar bear (D:13)
  3 blink frogs (Lair:1)
  9 dream sheep
  10 redbacks
  4 tarantellas
  A water elemental (Shoals:4)
  A ynoxinul (Depths:1)
  3 yaks (Lair:5)
  A human (D:14)
  A water moccasin (Lair:5)
  5 orc warriors
  6 ogres
  2 ice beasts
  3 wolves
  An elf zombie (Vaults:1)
  2 centaurs
  A nameless horror (Lair:2)
  A bullfrog (Lair:4)
  9 killer bees (Lair:4)
  2 electric eels (D:13)
  2 orc priests
  3 jellies (Lair:6)
  A white imp (Vaults:3)
  3 oozes (Lair:6)
  4 orcs
182 creatures vanquished.

Vanquished Creatures (others)
  A ghost moth (Spider:3)
  A wizard (D:4)
  An orb spider (Spider:3)
  3 wolves (Lair:6)
  A wight (D:13)
  A white imp (D:13)
  A bush (Lair:6)
  20 fungi
  96 plants
  5 toadstools (D:1)
130 creatures vanquished.

Grand Total: 1845 creatures vanquished

Notes
Turn   | Place    | Note
-------+----------+-------------------------------------------
     0 | D:1      | DearestLeader the Gnoll Fighter began the quest for the
                  | Orb.
     0 | D:1      | Reached XP level 1. HP: 23/23 MP: 1/1
    29 | D:1      | Reached XP level 2. HP: 26/29 MP: 2/2
   288 | D:1      | Reached XP level 3. HP: 31/35 MP: 3/3
   518 | D:1      | Found a sparkling altar of Nemelex Xobeh.
   935 | D:2      | Reached skill level 1 in Invocations
   937 | D:2      | Reached skill level 1 in Short Blades
   937 | D:2      | Reached skill level 1 in Long Blades
   937 | D:2      | Reached skill level 1 in Maces & Flails
   937 | D:2      | Reached skill level 1 in Polearms
   937 | D:2      | Reached skill level 1 in Staves
   937 | D:2      | Reached skill level 1 in Slings
   937 | D:2      | Reached skill level 1 in Bows
   937 | D:2      | Reached skill level 1 in Crossbows
   937 | D:2      | Reached skill level 1 in Throwing
   937 | D:2      | Reached skill level 1 in Dodging
   937 | D:2      | Reached skill level 1 in Stealth
   937 | D:2      | Reached skill level 1 in Unarmed Combat
   937 | D:2      | Reached skill level 1 in Spellcasting
   937 | D:2      | Reached skill level 1 in Evocations
   940 | D:2      | Reached XP level 4. HP: 35/41 MP: 5/5
  1012 | D:2      | You fall into a shaft and drop 1 floor!
  1046 | D:3      | Reached skill level 1 in Conjurations
  1046 | D:3      | Reached skill level 1 in Hexes
  1046 | D:3      | Reached skill level 1 in Summonings
  1046 | D:3      | Reached skill level 1 in Necromancy
  1046 | D:3      | Reached skill level 1 in Translocations
  1046 | D:3      | Reached skill level 1 in Transmutations
  1046 | D:3      | Reached skill level 1 in Fire Magic
  1046 | D:3      | Reached skill level 1 in Ice Magic
  1046 | D:3      | Reached skill level 1 in Air Magic
  1046 | D:3      | Reached skill level 1 in Earth Magic
  1046 | D:3      | Reached skill level 1 in Poison Magic
  1193 | D:2      | Reached XP level 5. HP: 47/47 MP: 6/6
  1537 | D:2      | Found a faded altar of an unknown god.
  1935 | D:3      | Reached XP level 6. HP: 53/53 MP: 8/8
  2769 | D:4      | Reached skill level 5 in Axes
  2796 | D:4      | Found a blossoming altar of Fedhas.
  2867 | D:4      | Found a bloodstained altar of Trog.
  2869 | D:4      | Noticed a wizard
  3029 | D:4      | Found Juphasaw's Book Shoppe.
  3045 | D:4      | Got a faintly glowing flail
  3045 | D:4      | Identified the +6 flail "Orb Guardian's Curse" {vorpal,
                  | rPois rN+ Str+2} (You found it on level 4 of the Dungeon)
  3447 | D:4      | Killed a wizard
  3503 | D:5      | Entered Level 5 of the Dungeon
  3979 | D:5      | Found a white marble altar of Elyvilon.
  4148 | D:5      | Noticed Grinder
  4160 | D:5      | Paralysed by Grinder for 7 turns
  4172 | D:5      | Paralysed by Grinder for 7 turns
  4181 | D:5      | Killed Grinder
  4182 | D:5      | Reached XP level 7. HP: 43/60 MP: 10/10
  4651 | D:6      | Reached XP level 8. HP: 54/67 MP: 12/12
  4890 | D:6      | Found a staircase to the Ecumenical Temple.
  4909 | Temple   | Entered the Ecumenical Temple
  5087 | Temple   | Became a worshipper of Cheibriados the Contemplative
  5745 | D:7      | Reached * piety under Cheibriados
  5818 | D:7      | Reached XP level 9. HP: 72/72 MP: 14/14
  5953 | D:7      | Learned a level 3 spell: Frozen Ramparts
  6836 | D:8      | Reached ** piety under Cheibriados
  6986 | D:8      | Noticed Psyche
  6997 | D:8      | Noticed Maurice
  7008 | D:8      | Killed Psyche
  7009 | D:8      | Reached skill level 5 in Invocations
  7020 | D:8      | Killed Maurice
  7021 | D:8      | Reached XP level 10. HP: 62/80 MP: 17/17
  7473 | D:9      | Reached skill level 5 in Short Blades
  7473 | D:9      | Reached skill level 5 in Long Blades
  7473 | D:9      | Reached skill level 5 in Maces & Flails
  7473 | D:9      | Reached skill level 5 in Polearms
  7473 | D:9      | Reached skill level 5 in Staves
  7473 | D:9      | Reached skill level 5 in Slings
  7473 | D:9      | Reached skill level 5 in Bows
  7473 | D:9      | Reached skill level 5 in Crossbows
  7473 | D:9      | Reached skill level 5 in Throwing
  7473 | D:9      | Reached skill level 5 in Dodging
  7473 | D:9      | Reached skill level 5 in Stealth
  7473 | D:9      | Reached skill level 5 in Unarmed Combat
  7473 | D:9      | Reached skill level 5 in Spellcasting
  7473 | D:9      | Reached skill level 5 in Evocations
  7499 | D:9      | Found Ehier's Assorted Antiques.
  7567 | D:9      | Reached *** piety under Cheibriados
  7599 | D:9      | Found Qyrug's Antique Weapon Emporium.
  7742 | D:9      | Found Pongixt's Magic Scroll Boutique.
  8114 | D:9      | Found Yxten's Antique Weapon Emporium.
  8216 | D:9      | Found Liosk's Antique Armour Emporium.
  8221 | D:9      | Bought a slimy helmet for 313 gold pieces
  8226 | D:9      | Identified the +0 helmet of Makhleb {rF+ Int+4} (You bought
                  | it in a shop on level 9 of the Dungeon)
  8498 | D:10     | Entered Level 10 of the Dungeon
  8583 | D:10     | Reached **** piety under Cheibriados
  8683 | D:10     | Noticed a two-headed ogre
  8691 | D:10     | Killed a two-headed ogre
  8824 | D:10     | Found a flagged portal.
  8835 | Bailey   | Entered a bailey
  8947 | Bailey   | Reached XP level 11. HP: 87/87 MP: 19/19
  8956 | Bailey   | Reached ***** piety under Cheibriados
  9086 | Bailey   | Noticed an orc warlord
  9090 | Bailey   | Reached skill level 5 in Conjurations
  9090 | Bailey   | Reached skill level 5 in Hexes
  9090 | Bailey   | Reached skill level 5 in Summonings
  9090 | Bailey   | Reached skill level 5 in Necromancy
  9090 | Bailey   | Reached skill level 5 in Translocations
  9090 | Bailey   | Reached skill level 5 in Transmutations
  9090 | Bailey   | Reached skill level 5 in Fire Magic
  9090 | Bailey   | Reached skill level 5 in Ice Magic
  9090 | Bailey   | Reached skill level 5 in Air Magic
  9090 | Bailey   | Reached skill level 5 in Earth Magic
  9090 | Bailey   | Reached skill level 5 in Poison Magic
  9104 | Bailey   | Killed an orc warlord
  9136 | Bailey   | Got a scorched glaive
  9207 | D:10     | Noticed a two-headed ogre
  9212 | D:10     | Killed a two-headed ogre
  9257 | D:10     | Identified the ring "Cihyek" {+Fly rN+ Str+3}
  9444 | D:10     | Found a staircase to the Orcish Mines.
  9543 | D:11     | Noticed an oklob plant
  9545 | D:11     | Noticed Erolcha
  9546 | D:11     | Found a staircase to the Lair.
  9554 | D:11     | Killed Erolcha
  9696 | D:11     | Noticed a centaur warrior
  9699 | D:11     | Noticed a seven-headed hydra
  9703 | D:11     | Killed a centaur warrior
  9709 | D:11     | Killed a seven-headed hydra
  9910 | D:11     | Reached XP level 12. HP: 86/96 MP: 22/22
  9973 | D:11     | Learned a level 4 spell: Summon Lightning Spire
  9991 | D:11     | Noticed Fannar
  9998 | D:11     | Killed Fannar
 10283 | D:11     | Noticed Harold
 10289 | D:11     | Killed Harold
 10804 | Lair:1   | Entered Level 1 of the Lair of Beasts
 11061 | Lair:1   | Noticed a four-headed hydra
 11070 | Lair:1   | Killed a four-headed hydra
 11255 | Lair:1   | Reached skill level 10 in Fighting
 11255 | Lair:1   | Reached skill level 10 in Armour
 11255 | Lair:1   | Reached skill level 10 in Shields
 11738 | Lair:2   | Learned a level 4 spell: Summon Ice Beast
 11939 | Lair:2   | Noticed a seven-headed hydra
 11945 | Lair:2   | Killed a seven-headed hydra
 12088 | Lair:2   | Noticed a five-headed hydra
 12094 | Lair:2   | Killed a five-headed hydra
 12727 | Lair:3   | Noticed Rupert
 12738 | Lair:3   | Killed Rupert
 12919 | Lair:3   | Reached XP level 13. HP: 99/103 MP: 24/24
 12952 | Lair:3   | Identified the +1 leather armour "Kifiewuq" {Harm Will-
                  | Int+6} (You found it on level 3 of the Lair of Beasts)
 13107 | Lair:3   | Found a hole to the Spider Nest.
 13953 | D:9      | Bought a pair of steaming gloves for 313 gold pieces
 13958 | D:9      | Identified the +2 pair of gloves of the Swamp {rPois rC-
                  | Dex+7} (You bought it in a shop on level 9 of the Dungeon)
 13964 | D:9      | Reached XP level 14. HP: 111/111 MP: 26/26
 13965 | D:9      | Reached skill level 10 in Axes
 13965 | D:9      | Reached XP level 15. HP: 118/118 MP: 26/28
 14283 | Lair:4   | Reached ****** piety under Cheibriados
 14537 | Lair:4   | Reached skill level 10 in Invocations
 14802 | Lair:4   | Found a staircase to the Shoals.
 15192 | Lair:5   | Found a shimmering altar of Xom.
 16002 | Lair:6   | Entered Level 6 of the Lair of Beasts
 16002 | Lair:6   | Found a staircase to the Slime Pits.
 16474 | Lair:6   | Reached XP level 16. HP: 23/126 MP: 18/29
 16596 | Lair:6   | Got a faintly glowing bronze amulet
 16597 | Lair:6   | Identified the amulet "Wibezava" {Inacc *Slow rElec rPois
                  | Dex+6} (You found it on level 6 of the Lair of Beasts)
 17669 | Orc:1    | Entered Level 1 of the Orcish Mines
 17674 | Orc:1    | Gained mutation: Your flesh is heat resistant. (rF+) [a
                  | neqoxec]
 17841 | Orc:1    | Reached skill level 10 in Short Blades
 17841 | Orc:1    | Reached skill level 10 in Long Blades
 17841 | Orc:1    | Reached skill level 10 in Maces & Flails
 17841 | Orc:1    | Reached skill level 10 in Polearms
 17841 | Orc:1    | Reached skill level 10 in Staves
 17841 | Orc:1    | Reached skill level 10 in Slings
 17841 | Orc:1    | Reached skill level 10 in Bows
 17841 | Orc:1    | Reached skill level 10 in Crossbows
 17841 | Orc:1    | Reached skill level 10 in Throwing
 17841 | Orc:1    | Reached skill level 10 in Dodging
 17841 | Orc:1    | Reached skill level 10 in Stealth
 17841 | Orc:1    | Reached skill level 10 in Unarmed Combat
 17841 | Orc:1    | Reached skill level 10 in Spellcasting
 17841 | Orc:1    | Reached skill level 10 in Evocations
 18315 | Orc:2    | Entered Level 2 of the Orcish Mines
 18637 | Orc:2    | Found a staircase to the Elven Halls.
 18796 | Orc:2    | Found Hibeaps's General Store.
 18850 | Orc:2    | Found Ribahod's Distillery.
 18987 | Orc:2    | Bought a potion of heal wounds for 75 gold pieces
 18989 | Orc:2    | Bought a +1 pair of gloves of dexterity for 231 gold pieces
 18989 | Orc:2    | Bought a +1 cloak of willpower for 231 gold pieces
 19007 | Orc:2    | Identified a scroll of acquirement
 19009 | Orc:2    | Acquired the Reference Book on Hexes and Calling
 19282 | Orc:2    | Found Guaca's Book Shop.
 19282 | Orc:2    | Found Eryplimm's Antique Armour Boutique.
 19283 | Orc:2    | Found a one-way gate leading to the halls of Pandemonium.
 19287 | Orc:2    | Bought a shiny helmet for 247 gold pieces
 19287 | Orc:2    | Bought a runed scale mail for 231 gold pieces
 20515 | D:12     | Found Taeffac's Antique Armour Emporium.
 20587 | D:12     | Learned a level 7 spell: Spellforged Servitor
 20683 | D:12     | Learned a level 3 spell: Stone Arrow
 21255 | D:13     | Reached XP level 17. HP: 133/133 MP: 28/31
 21460 | D:13     | Identified the +3 chain mail of Theory {rElec rN+ Regen+
                  | SInv} (You found it on level 13 of the Dungeon)
 22022 | D:14     | Found a gate to the Vaults.
 22427 | D:14     | Found the amulet of Vitality {Regen+ HP+15}
 22428 | D:14     | Noticed Menkaure
 22434 | D:14     | Killed Menkaure
 22851 | D:14     | Noticed Frances
 22864 | D:14     | Killed Frances
 23485 | D:15     | Entered Level 15 of the Dungeon
 23517 | D:15     | Found an iron altar of Okawaru.
 23726 | D:15     | Found a sacrificial altar of Ru.
 24149 | D:15     | Found a staircase to the Depths.
 24208 | D:15     | Found a glowing golden altar of the Shining One.
 24770 | Spider:1 | Entered Level 1 of the Spider Nest
 26240 | Spider:2 | Found a corrupted altar of Lugonu.
 26241 | Spider:2 | Found a one-way gate to the infinite horrors of the Abyss.
 27349 | Spider:2 | Got a faintly glowing hand crossbow
 27350 | Spider:2 | Identified the +12 hand crossbow of Valiance {flame, rF+
                  | Str+5 Int+2 Stlth-} (You found it on level 2 of the Spider
                  | Nest)
 28238 | Spider:2 | Reached XP level 18. HP: 142/142 MP: 33/33
 29813 | Spider:4 | Entered Level 4 of the Spider Nest
 29821 | Spider:4 | Reached skill level 10 in Conjurations
 29821 | Spider:4 | Reached skill level 10 in Hexes
 29821 | Spider:4 | Reached skill level 10 in Summonings
 29821 | Spider:4 | Reached skill level 10 in Necromancy
 29821 | Spider:4 | Reached skill level 10 in Translocations
 29821 | Spider:4 | Reached skill level 10 in Transmutations
 29821 | Spider:4 | Reached skill level 10 in Fire Magic
 29821 | Spider:4 | Reached skill level 10 in Ice Magic
 29821 | Spider:4 | Reached skill level 10 in Air Magic
 29821 | Spider:4 | Reached skill level 10 in Earth Magic
 29821 | Spider:4 | Reached skill level 10 in Poison Magic
 30321 | Spider:4 | Learned a level 6 spell: Statue Form
 31422 | Spider:4 | Got a gossamer rune of Zot
 31763 | Vaults:1 | Entered Level 1 of the Vaults
 32552 | Vaults:1 | Reached XP level 19. HP: 150/150 MP: 35/35
 34613 | Vaults:2 | Got a dazzling hat
 34623 | Vaults:2 | Identified the cursed +0 hat of the Evening Star {rC+ Str-2
                  | Dex+4} (You found it on level 2 of the Vaults)
 34642 | Vaults:2 | Found a radiant altar of Vehumet.
 34642 | Vaults:2 | Noticed a lich
 34648 | Vaults:2 | Killed a lich
 34671 | Vaults:2 | Got a fine hat
 34681 | Vaults:2 | Identified the +2 hat of Ufunin Xenio {Int+4} (You found it
                  | on level 2 of the Vaults)
 34979 | Vaults:2 | Noticed a bone dragon
 34997 | Vaults:2 | Killed a bone dragon
 35092 | Vaults:2 | Found a staircase to the Crypt.
 35553 | Vaults:3 | Reached XP level 20. HP: 159/159 MP: 32/36
 35741 | Vaults:3 | Found Asoifixt's Jewellery Shoppe.
 37058 | Vaults:3 | Learned a level 2 spell: Blink
 38181 | Vaults:4 | Found Dyumaaj's Antique Weapon Shoppe.
 38387 | Vaults:4 | Noticed Frederick
 38394 | Vaults:4 | Reached XP level 21. HP: 136/166 MP: 31/38
 38397 | Vaults:4 | Killed Frederick
 39194 | Shoals:1 | Entered Level 1 of the Shoals
 39456 | Shoals:1 | Noticed Jorgrun
 39464 | Shoals:1 | Killed Jorgrun
 39687 | Shoals:1 | Found Anioweh's Weapon Boutique.
 39697 | Shoals:1 | Noticed Nikola
 39706 | Shoals:1 | Killed Nikola
 39880 | Shoals:1 | Identified Roxanne's Collected Works on Earth
 39880 | Shoals:1 | Noticed Roxanne
 39898 | Shoals:1 | Killed Roxanne
 40419 | Shoals:2 | Noticed Polyphemus
 40427 | Shoals:2 | Killed Polyphemus
 40821 | Shoals:2 | Reached skill level 15 in Fighting
 40821 | Shoals:2 | Reached skill level 15 in Armour
 40821 | Shoals:2 | Reached skill level 15 in Shields
 41801 | Shoals:3 | Reached skill level 15 in Invocations
 41840 | Shoals:3 | Learned a level 6 spell: Iron Shot
 42159 | Shoals:4 | Entered Level 4 of the Shoals
 42474 | Shoals:4 | Learned a level 5 spell: Fireball
 42847 | Shoals:4 | Got a barnacled rune of Zot
 42981 | Shoals:4 | Reached XP level 22. HP: 150/175 MP: 22/40
 43209 | Shoals:4 | Identified the +8 glaive of Peril {elec, +Inv rElec Will+}
                  | (You found it in a bailey)
 43599 | Depths:1 | Entered Level 1 of the Depths
 43899 | Depths:1 | Found a gateway to Hell.
 45224 | Depths:2 | Killed from afar by a titan

Illustrated notes

Levels and vault maps discovered:
D:1:      ldierk_walled_garden, layout_loops_ring, st_stairs_2,
          minmay_misc_feat_square, nemelex_diamond_rough_becter
D:2:      layout_loops_cross, chequers_ecumenical_altar_lobes
D:3:      layout_loops_corners
D:4:      layout_basic, fedhas_ov_isle_minmay, serial_shops, shop, trog_wizard
D:5:      layout_basic, elyvilon_altar_3, uniq_grinder
D:6:      layout_basic, minmay_temple_entry_trees, minmay_quadrilaterals
D:7:      layout_gridville
D:8:      layout_loops_ring, uniq_psyche, uniq_maurice
D:9:      layout_basic, serial_shops, nicolae_shop_stone, kennysheep_little_box,
          shop, shop, shop
D:10:     layout_roguey, orc_0_dummy, enter_bailey_3
D:11:     layout_roguey [special_room_kobold], dpeg_oklobed_lair,
          kennysheep_pointless_box, uniq_harold, uniq_fannar, uniq_erolcha
D:12:     layout_gridville, serial_shops, shop
D:13:     layout_loops_ring, serial_ice, serial_ice_h, serial_ice_j,
          serial_ice_n, serial_ice_o
D:14:     ragdoll_tomb_raider, layout_basic, grunt_vaults_entry_tiered,
          minmay_misc_feat_more_columns, minmay_door_square, kennysheep_doodads,
          hangedman_decor_peaks_small, pond, uniq_frances
D:15:     grunt_enter_depths_hoard, layout_gridville, tso_metal_star,
          basic_altar, lemuel_altar_in_water
Temple:   minmay_crystal_snake_temple
Lair:1:   layout_small_grid, grunt_forest_small_clearing_treed
Lair:2:   layout_cave_pods
Lair:3:   layout_gridlike, dummy_spider_entry, zaba_anthell, uniq_rupert
Lair:4:   layout_roguey [special_room_bee], elwin_shoals_entry_rooms,
          small_statue_intersection, beast_lair_carwin_9
Lair:5:   layout_gridlike, lemuel_oklob_altar
Lair:6:   gammafunk_lair_ancient_temple, layout_loops_ring,
          nicolae_slime_entry_slimehenge
Shoals:1: layout_shoals, serial_shops, shop, st_sunken_huts, uniq_jorgrun,
          uniq_roxanne, uniq_nikola
Shoals:2: cheibrodos_shoals_gigantism, layout_shoals, nzn_prometheus_bound,
          uniq_polyphemus
Shoals:3: layout_shoals, nicolae_shoals_siren_and_animal_friends
Shoals:4: shoals_end_simple, layout_shoals
Spider:1: layout_spider_delve
Spider:2: layout_spider_delve, amcnicky_altar_lugonu_corruption
Spider:3: layout_spider_delve
Spider:4: grunt_spider_rune_circles, guppyfry_spider_mini_1
Orc:1:    layout_caves
Orc:2:    pf_orc_diabolical, layout_diamond_mine, guppyfry_orc_lava_fort
Vaults:1: nicolae_vaults_network_periphery, nicolae_vaults_twisting_passages,
          v_misc_28, nicolae_vaults_mini_display_case, v_misc_18,
          vaults_room_door_ring, layout_vaults_omnigrid,
          portal_desolation_entry_nicolae_slug
Vaults:2: minmay_crypt_entry_nasty_monster, ontoclasm_vaults_tryst,
          grunt_tower_of_power, nicolae_vaults_asterisk, v_misc_9,
          hangedman_vaults_impose, nicolae_vaults_circle_grid_b,
          ontoclasm_vaults_pinch, hangedman_vaults_capsules, layout_vaults_ring
Vaults:3: nicolae_vaults_diagonal_hallway_9, hangedman_vaults_stagger,
          v_misc_17, v_alt_pattern_4, nicolae_vaults_network_quinsquares
          [nicolae_vaults_network_quincunx_subvault,
          nicolae_vaults_network_quincunx_subvault,
          nicolae_vaults_network_quincunx_subvault,
          nicolae_vaults_network_quincunx_subvault], hangedman_vaults_nodes,
          vaults_room_pool, serial_ice_m, nicolae_vaults_shelves_hall,
          layout_vaults_chaotic_city, serial_shops, shop_statue
Vaults:4: v_misc_12, hangedman_vaults_nails, ontoclasm_vaults_ring_square,
          vaults_dpeg_ring, v_rooms_3, vaults_dpeg_cross,
          nicolae_vaults_stairing_the_circle, v_alt_pattern_4,
          ontoclasm_vaults_twist, nicolae_vaults_hallways_thing,
          ontoclasm_vaults_idyll, nicolae_vaults_little_squares_1,
          grunt_vaults_hallway_long, sword_in_stone, layout_vaults_maze_bifur,
          serial_shops, shop
Depths:1: layout_honeycomb, rand_demon_pan_entry_9, hell_entry,
          roderic_roman_lattice, kennysheep_underground_church
Depths:2: minmay_octagon_city, layout_gridville, special_room
          [special_room_morgue], grunt_pan_entry_spiral, hell_entry,
          infiniplex_staircase_zigzag_4, minmay_shop_star

Skill      XL: |  1  2  3  4  5  6  7  8  9 10 11 12 13 14 15 16 17 18 19 20 21 |
---------------+----------------------------------------------------------------+-----
Invocations    | 1 2 3 4 5 6 7 8 9 10 11 12 13 14 15 | 15.4
Short Blades   | 1 2 3 4 5 6 7 8 9 10 11 12 13 14 | 14.3
Long Blades    | 1 2 3 4 5 6 7 8 9 10 11 12 13 14 | 14.3
Maces & Flails | 1 2 3 4 5 6 7 8 9 10 11 12 13 14 | 14.3
Polearms       | 1 2 3 4 5 6 7 8 9 10 11 12 13 14 | 14.3
Staves         | 1 2 3 4 5 6 7 8 9 10 11 12 13 14 | 14.3
Slings         | 1 2 3 4 5 6 7 8 9 10 11 12 13 14 | 14.3
Bows           | 1 2 3 4 5 6 7 8 9 10 11 12 13 14 | 14.3
Crossbows      | 1 2 3 4 5 6 7 8 9 10 11 12 13 14 | 14.3
Throwing       | 1 2 3 4 5 6 7 8 9 10 11 12 13 14 | 14.3
Dodging        | 1 2 3 4 5 6 7 8 9 10 11 12 13 14 | 14.3
Stealth        | 1 2 3 4 5 6 7 8 9 10 11 12 13 14 | 14.3
Unarmed Combat | 1 2 3 4 5 6 7 8 9 10 11 12 13 14 | 14.3
Spellcasting   | 1 2 3 4 5 6 7 8 9 10 11 12 13 14 | 14.3
Evocations     | 1 2 3 4 5 6 7 8 9 10 11 12 13 14 | 14.3
Conjurations   | 1 2 3 4 5 6 7 8 9 10 11 12 | 12.3
Hexes          | 1 2 3 4 5 6 7 8 9 10 11 12 | 12.3
Summonings     | 1 2 3 4 5 6 7 8 9 10 11 12 | 12.3
Necromancy     | 1 2 3 4 5 6 7 8 9 10 11 12 | 12.3
Translocations | 1 2 3 4 5 6 7 8 9 10 11 12 | 12.3
Transmutations | 1 2 3 4 5 6 7 8 9 10 11 12 | 12.3
Fire Magic     | 1 2 3 4 5 6 7 8 9 10 11 12 | 12.3
Ice Magic      | 1 2 3 4 5 6 7 8 9 10 11 12 | 12.3
Air Magic      | 1 2 3 4 5 6 7 8 9 10 11 12 | 12.3
Earth Magic    | 1 2 3 4 5 6 7 8 9 10 11 12 | 12.3
Poison Magic   | 1 2 3 4 5 6 7 8 9 10 11 12 | 12.3
Axes           | 5 6 7 8 9 10 11 12 13 14 | 14.9
Fighting       | 7 8 9 10 11 12 13 14 15 | 15.4
Armour         | 7 8 9 10 11 12 13 14 15 | 15.4
Shields        | 7 8 9 10 11 12 13 14 15 | 15.4

Action                   |  1- 3 |  4- 6 |  7- 9 | 10-12 | 13-15 | 16-18 | 19-21 | 22-24 || total
-------------------------+-------+-------+-------+-------+-------+-------+-------+-------++-------
Melee: War axe           |    59 |   139 |       |       |       |       |       |       ||   198
       Bite              |     2 |    17 |    35 |    99 |    92 |   304 |     6 |       ||   555
       Flail             |       |    26 |   226 |   533 |   444 |  1425 |    13 |       ||  2667
 Fire: Hand crossbow     |       |       |       |       |       |   109 |  1313 |   184 ||  1606
 Cast: Summon Lightning  |       |       |       |     9 |    12 |    82 |    59 |     2 ||   164
       Summon Ice Beast  |       |       |       |     6 |    11 |    51 |     7 |       ||    75
       Frozen Ramparts   |       |       |       |     5 |    14 |    40 |    30 |     5 ||    94
       Stone Arrow       |       |       |       |       |       |     3 |       |       ||     3
       Statue Form       |       |       |       |       |       |     4 |     1 |       ||     5
       Blink             |       |       |       |       |       |       |     4 |     4 ||     8
       Spellforged Servi |       |       |       |       |       |       |     7 |     3 ||    10
       Fireball          |       |       |       |       |       |       |       |     1 ||     1
Invok: Slouch            |       |       |       |     7 |     2 |     7 |       |       ||    16
       Temporal Distorti |       |       |       |       |       |     1 |       |       ||     1
Evoke: Wand              |       |       |     1 |       |       |     1 |       |       ||     2
  Use: Scroll            |       |       |       |    13 |     6 |    16 |     3 |     6 ||    44
       Potion            |       |       |       |       |     4 |       |       |       ||     4
 Stab: Sleeping          |       |       |       |     9 |     9 |    23 |       |       ||    41
       Distracted        |       |       |       |     4 |     3 |    27 |       |       ||    34
Armor: Scale mail        |    21 |    48 |    43 |   144 |   115 |   445 |    75 |    18 ||   909
       Skin              |       |       |       |       |       |    60 |     7 |       ||    67
Dodge: Dodged            |    17 |    79 |   111 |   287 |   375 |  1457 |   316 |    76 ||  2718
Block: Kite shield       |    27 |    81 |   129 |   470 |   481 |  1702 |   531 |    91 ||  3512
